 Dungeon Crawl Stone Soup version 0.20-a0-957-g47ad1fd (webtiles) character file.

119 Deemzul the Skirmisher (level 5, -16/49 HPs)
             Began as a Naga Fighter on Apr 5, 2017.
             Demolished by Crazy Yiuf
             ... wielding a +3 quarterstaff of chaos
              (18 damage)
             ... on level 2 of the Dungeon.
             The game lasted 00:01:28 (1245 turns).

Deemzul the Skirmisher (Naga Fighter)               Turns: 1245, Time: 00:01:29

Health: -16/49     AC:  6    Str: 20    XL:     5   Next: 3%
Magic:  5/5        EV:  5    Int:  8    God:
Gold:   71         SH:  9    Dex: 10    Spells: 4/4 levels left

rFire    . . .     SeeInvis +   a - +0 war axe
rCold    . . .     Gourm    .   c - +0 shield
rNeg     . . .     Faith    .   b - +0 scale mail
rPois    +         Spirit   .   (no helmet)
rElec    .         Reflect  .   l - +0 cloak
rCorr    .         Harm     .   (no gloves)
MR       .....                  (no barding)
Stlth    +.........             (no amulet)
Regen    0.2/turn               (no ring)
MPRegen  0.1/turn               (no ring)

@: short of breath, very slow
A: see invisible, deformed body, poison resistance, slowness 2, slow metabolism
1, spit poison 1, AC +1
a: Spit Poison


You were on level 2 of the Dungeon.
You were very hungry.

You visited 1 branch of the dungeon, and saw 2 of its levels.

You collected 71 gold pieces.

Inventory:

Hand Weapons
 a - a +0 war axe (weapon)
Armour
 b - a +0 scale mail (worn)
 c - a +0 shield (worn)
 l - a +0 cloak (worn)
Scrolls
 e - 3 scrolls of identify {unknown}
 g - a scroll of enchant armour {unknown}
 o - a scroll of recharging {unknown}
 p - a scroll of remove curse {unknown}
Potions
 d - a potion of might
 h - a potion of brilliance {unknown}
 k - a potion of berserk rage {unknown}
 n - a potion of ambrosia {unknown}
Comestibles
 f - 4 bread rations
 i - a meat ration
 j - a royal jelly
 m - a fruit


   Skills:
 + Level 3.5 Fighting
 * Level 3.2 Axes
 + Level 3.0 Armour
 + Level 2.5 Stealth
 + Level 2.8 Shields


You had 4 spell levels left.
You didn't know any spells.

Dungeon Overview and Level Annotations

Branches:
Dungeon (2/15)

Altars:

Annotations:
D:2 Crazy Yiuf


Innate Abilities, Weirdness & Mutations

You cannot wear boots.
Your serpentine skin is tough. (AC +1)
You have supernaturally acute eyesight. (SInv)
Armour fits poorly on your strangely shaped body.
Your system is resistant to poisons. (rPois)
You cover ground very slowly.
You have a slow metabolism.
You can spit poison.


Message History

You have got your breath back.
Crazy Yiuf drinks a potion.
Crazy Yiuf is healed!
Press: ? - help, Shift-Dir - straight line, f/p - Crazy Yiuf
Aim: Crazy Yiuf, wielding a quarterstaff of chaos and wearing a cloak (heavily wounded)
The splash of poison hits Crazy Yiuf.
Crazy Yiuf is severely wounded.
You feel slightly more hungry. You block Crazy Yiuf's attack.
Your shield and scale mail prevent you from hitting Crazy Yiuf.
Crazy Yiuf is severely wounded.
Crazy Yiuf barely misses you.
Crazy Yiuf hits you with a quarterstaff of chaos.
* * * LOW HITPOINT WARNING * * *
Crazy Yiuf freezes you.
* * * LOW HITPOINT WARNING * * *
You hit Crazy Yiuf but do no damage.
Crazy Yiuf is severely wounded.
Crazy Yiuf hits you with a quarterstaff of chaos!
* * * LOW HITPOINT WARNING * * *
Space warps horribly around you!
You die...

#.# #.# #####
#.# #..)# #.#
#...# ### #.#
... ..# #.#
#'# #.# #.#
♣♣.♣ #.# #.#
♣g♣♣
#.###.#######
♣♣@♣
#.##........#
♣.♣♣
#.....#####.#
♣♣.♣♣ ####.##
#.# ♣...♣♣
.....# #.#
♣....♣ ######
#.# #....#
#.###....#
#........#
#####...##


You could see Crazy Yiuf.

Vanquished Creatures
  Terence (D:2)
  3 adders
  An ooze (D:1)
  2 worms (D:2)
  5 dart slugs
  2 leopard geckos
  3 bats
  2 giant cockroaches (D:2)
  5 goblins
  7 hobgoblins
  A quokka (D:2)
  2 ball pythons
  2 frilled lizards (D:1)
  6 kobolds
  4 rats (D:1)
46 creatures vanquished.

Notes
Turn   | Place    | Note
-------+----------+-------------------------------------------
     0 | D:1      | Deemzul the Naga Fighter began the quest for the Orb.
     0 | D:1      | Reached XP level 1. HP: 21/21 MP: 1/1
    38 | D:1      | Reached XP level 2. HP: 26/28 MP: 2/2
   166 | D:1      | Reached XP level 3. HP: 27/34 MP: 3/3
   373 | D:1      | Reached skill level 1 in Stealth
   560 | D:2      | Reached XP level 4. HP: 39/42 MP: 4/4
   822 | D:2      | Noticed Terence
   830 | D:2      | Killed Terence
  1116 | D:2      | Reached XP level 5. HP: 38/49 MP: 5/5
  1232 | D:2      | Found a runed door.
  1236 | D:2      | Noticed Crazy Yiuf
  1245 | D:2      | HP: 2/49 [Crazy Yiuf/quarterstaff of chaos (10)]
  1245 | D:2      | Demolished by Crazy Yiuf

Vault maps used:
D:1:      dpeg_arrival_renting
D:2:      first_bread, uniq_terence, uniq_crazy_yiuf_cottage

Skill      XL: |  1  2  3  4  5 |
---------------+----------------+-----
Stealth        | 1 2 |  2.5
Axes           | 3 |  3.2
Armour         | 3 |  3.0
Fighting       | |  3.5
Shields        | |  2.8

Action                   |  1- 3 |  4- 6 || total
-------------------------+-------+-------++-------
Melee: War axe           |    73 |    54 ||   127
 Abil: Spit Poison       |       |     5 ||     5
Armor: Scale mail        |    31 |    21 ||    52
Dodge: Dodged            |    15 |     8 ||    23
Block: Shield            |    31 |    34 ||    65
